 Dungeon Crawl Stone Soup version 0.25-a0-246-g58704a1ebd (webtiles) character file.

Game seed: 14779947449304252184, levelgen mode: deterministic

146 D1HalberdGnoll the Caller (level 5, -1/30 HPs)
             Began as a Kobold Summoner on Dec 3, 2019.
             Was an Initiate of Sif Muna.
             Slain by an orc wizard
             ... wielding a +0 dagger
              (2 damage)
             ... on level 3 of the Dungeon.
             The game lasted 00:10:43 (4024 turns).

D1HalberdGnoll the Caller (Kobold Summoner)         Turns: 4024, Time: 00:10:44

Health: -1/30      AC:  3    Str:  6    XL:     5   Next: 53%
Magic:  9/9        EV: 15    Int: 17    God:    Sif Muna [......]
Gold:   104        SH:  0    Dex: 15    Spells: 4/10 levels left

rFire    . . .     SeeInvis .   u - +3 flail
rCold    . . .     Gourm    .   (shield restricted)
rNeg     . . .     Faith    .   d - +0 leather armour
rPois    +         Spirit   .   (no helmet)
rElec    .         Reflect  .   m - scarf {repulsion}
rCorr    .         Harm     .   (no gloves)
MR       .....                  (no boots)
Stlth    ++........             (no amulet)
HPRegen  0.10/turn              c - ring of poison resistance
MPRegen  0.11/turn              (no ring)

@: repel missiles
A: small, carnivore
a: Renounce Religion


You were on level 3 of the Dungeon.
You worshipped Sif Muna.
Sif Muna was noncommittal.
You were very full.

You visited 1 branch of the dungeon, and saw 4 of its levels.

You collected 104 gold pieces.

Inventory:

Hand Weapons
 u - a +3 flail (weapon)
   (You took it off an orc on level 3 of the Dungeon)
Missiles
 b - 34 poisoned darts (quivered)
Armour
 d - a +0 leather armour (worn)
   (You found it on level 2 of the Dungeon)
 m - a scarf of repulsion (worn)
   (You found it on level 2 of the Dungeon)
Jewellery
 c - a ring of poison resistance (left hand)
   (You found it on level 2 of the Dungeon)
 p - a cursed ring of teleportation {unknown}
   (You found it on level 3 of the Dungeon)
 v - a +3 ring of evasion {unknown}
   (You found it on level 3 of the Dungeon)
Scrolls
 a - a scroll of random uselessness {unknown}
 g - 3 scrolls of enchant weapon {unknown}
 h - a scroll of blinking {unknown}
 i - 2 scrolls of immolation {unknown}
 j - a scroll of amnesia {unknown}
 k - a scroll of fear {unknown}
 l - a scroll of identify {unknown}
 n - a scroll of teleportation {unknown}
 r - 3 scrolls of remove curse {unknown}
 w - a scroll of enchant armour {unknown}
Potions
 o - a potion of flight {unknown}
 t - a potion of agility {unknown}
 x - a potion of heal wounds {unknown}
Comestibles
 e - 7 rations {!d}
 s - 4 chunks of flesh


   Skills:
 + Level 2.1 Fighting
 + Level 3.4 Dodging
 - Level 2.6 Stealth
 + Level 3.0 Spellcasting
 * Level 5.0 Summonings
 + Level 0.5 Invocations


You had 4 spell levels left.
You knew the following spells:

 Your Spells              Type           Power        Failure   Level  Hunger
a - Summon Small Mammal   Summ           ###.         3%          1    None
c - Call Canine Familiar  Summ           ###.....     10%         3    ###....
x - Call Imp              Summ           ###.....     4%          2    ##.....

Your spell library contained the following spells:

 Spells                   Type           Power        Failure   Level  Hunger
 Summon Guardian Golem    Hex/Summ       ##......     28%         3    ###....
 Summon Ice Beast         Ice/Summ       ##......     67%         4    ####...
 Summon Lightning Spire   Summ/Air       ##......     67%         4    ####...


Dungeon Overview and Level Annotations

Branches:
Dungeon (4/15)
 Temple: D:4-7

Altars:
Fedhas
Sif Muna
Uskayaw
Yredelemnul


Innate Abilities, Weirdness & Mutations

You are small and have problems with some larger weapons.
You are carnivorous and can eat meat at any time.


Message History

The orc hits your hound with a +0 hand axe.
Your leather armour prevents you from hitting something.
Something hits you but does no damage.
Your hound bites the orc but does no damage.
Your white imp hits the quokka skeleton.
Your white imp freezes the quokka skeleton.
The quokka skeleton resists.
The quokka skeleton barely misses your white imp.
Something hits you.
* * * LOW HITPOINT WARNING * * *
The orc hits you with a +0 hand axe.
* * * LOW HITPOINT WARNING * * *
The orc closely misses your hound.
Your hound bites the orc.
You feel better. Something hits you.
* * * LOW HITPOINT WARNING * * *
Your hound barely misses the orc.
Your white imp gestures at the quokka skeleton.
The puff of frost hits the quokka skeleton.
The quokka skeleton resists.
The quokka skeleton barely misses your white imp.
The orc hits you but does no damage.
The orc hits your hound with a +0 hand axe.
You hear some strange, mumbled words.
A puff of flame appears from out of thin air!
The puff of flame is repelled.
Your hound closely misses the orc.
Your white imp hits the quokka skeleton.
The quokka skeleton is destroyed!
Sif Muna accepts your kill. Something hits you.
* * * LOW HITPOINT WARNING * * *
The orc misses you. The orc barely misses your hound.
Your hound bites the orc but does no damage.
You climb upwards.
Your summoned allies are left behind.
Reactivating autopickup.
There is a stone staircase leading down here.
You hit the orc.
You kill the orc!
Sif Muna accepts your kill. Something hits you but does no damage.
Deactivating autopickup; reactivate with Ctrl-A.
Something hits you.
* * * LOW HITPOINT WARNING * * *
You barely miss something. Something barely misses you. Something hits you.
* * * LOW HITPOINT WARNING * * *
It was a potion of magic.
Magic courses through your body. Something hits you.
You die...

≈≈.....≈≈.## ###≈≈≈≈≈##.#
##≈≈≈≈≈##.# #[########.#
##≈≈.≈≈##.######.# #.#
...≈............(########.#
#.#..###########..........#
#...## #.########## #.###
#.# #.# #.# #.# #@# #.#
#)### #.# ###########...##
..# ##..........##..#
#####...##########..#
##.###.## ##''## ###.##
##.# #≈..8# ....# #.#
##__## ###.## ##.# #⌠⌠#


There were no monsters in sight!

Vanquished Creatures
  An orc priest (D:3)
  A worker ant (D:4)
  3 adders
  An ooze (D:2)
  An adder zombie (D:3)
  3 orcs (D:3)
  2 bats
  3 goblins (D:3)
  2 hobgoblins
  A quokka (D:3)
  A ball python (D:2)
  3 frilled lizards
  2 rats
24 creatures vanquished.

Vanquished Creatures (collateral kills)
  An orc wizard (D:3)
  6 worms
  A dart slug (D:2)
  2 leopard geckos (D:1)
  6 orcs
  A giant cockroach (D:1)
  5 goblins
  10 hobgoblins
  2 jackals (D:3)
  3 ball pythons
  3 bats
  3 frilled lizards
  10 kobolds
  A quokka skeleton (D:4)
  A rat (D:3)
55 creatures vanquished.

Grand Total: 79 creatures vanquished

Notes
Turn   | Place    | Note
-------+----------+-------------------------------------------
     0 | D:1      | D1HalberdGnoll the Kobold Summoner began the quest for the
                  | Orb.
     0 | D:1      | Reached XP level 1. HP: 10/10 MP: 3/3
   496 | D:1      | Reached XP level 2. HP: 16/16 MP: 0/5
   551 | D:1      | Learned a level 2 spell: Call Imp
  1530 | D:2      | Reached XP level 3. HP: 20/20 MP: 3/6
  1593 | D:2      | Reached skill level 1 in Fighting
  2323 | D:3      | Reached XP level 4. HP: 25/25 MP: 3/7
  2947 | D:3      | Reached XP level 5. HP: 26/30 MP: 5/9
  3137 | D:3      | Learned a level 3 spell: Call Canine Familiar
  3299 | D:3      | Found a shimmering blue altar of Sif Muna.
  3328 | D:3      | Became a worshipper of Sif Muna the Loreminder
  3417 | D:3      | Found a hide-covered altar of Uskayaw.
  3417 | D:3      | Found a blossoming altar of Fedhas.
  3547 | D:3      | Reached skill level 5 in Summonings
  3553 | D:3      | Found a basalt altar of Yredelemnul.
  4023 | D:3      | HP: 1/30 [something (6)]
  4024 | D:3      | Slain by an orc wizard

Levels and vault maps discovered:
D:1:      kennysheep_arrival_seaside, layout_basic
D:2:      layout_rooms, first_ration
D:3:      layout_loops_ring, old_standard_altar, led_sif_pool,
          gammafunk_temple_overflow_wave, cheibrodos_sewer_entry_sluice
D:4:      layout_cave_pools, kennysheep_slug_shrine, minmay_goblin_kobold_house,
          uniq_sigmund

Skill      XL: |  1  2  3  4  5 |
---------------+----------------+-----
Fighting       | 1 2 |  2.1
Dodging        | 3 |  3.4
Spellcasting   | 3 |  3.0
Summonings     | 5 |  5.0
Stealth        | |  2.6
Invocations    | |  0.5

Action                   |  1- 3 |  4- 6 || total
-------------------------+-------+-------++-------
Melee: Unarmed           |     3 |       ||     3
       Whip              |    51 |    54 ||   105
       Club              |    10 |       ||    10
       Flail             |       |    23 ||    23
Throw: Dart              |     2 |     5 ||     7
 Cast: Summon Small Mamm |    15 |     1 ||    16
       Call Imp          |    25 |    13 ||    38
       Call Canine Famil |       |     9 ||     9
  Use: Potion            |       |     3 ||     3
 Stab: Sleeping          |     2 |     1 ||     3
       Distracted        |       |     1 ||     1
  Eat: Chunk             |    14 |     7 ||    21
Armor: Robe              |    18 |       ||    18
       Leather armour    |     1 |    35 ||    36
Dodge: Dodged            |    63 |   103 ||   166
       Deflected         |       |     3 ||     3

Table legend:
 A = Non-vault XP
 B = Vault XP
 C = Vault XP percentage of total XP
 D = Non-vault monster count
 E = Vault monster count
 F = Vault count percentage of total count
                 A         B        C        D         E       F
            +---------+---------+-------+---------+---------+-------
      Total |     204 |       5 |   2.4 |      76 |       3 |   3.8
            +---------+---------+-------+---------+---------+-------
        D:1 |      23 |       0 |   0.0 |      20 |       0 |   0.0
        D:2 |      57 |       0 |   0.0 |      23 |       0 |   0.0
        D:3 |      98 |       5 |   4.9 |      30 |       3 |   9.1
        D:4 |      26 |       0 |   0.0 |       3 |       0 |   0.0
            +---------+---------+-------+---------+---------+-------
